 Dungeon Crawl Stone Soup version 0.30-a0-737-gf23d94013f (webtiles) character file.

Game seed: 659599181772897442

524074 theanonym the Slayer (level 25, 0/178 HPs)
             Began as a Gargoyle Cinder Acolyte on Dec 12, 2021.
             Was a High Priest of Ignis.
             Slain by a quicksilver dragon (10 damage)
             ... on level 4 of the Vaults on Feb 1, 2023.
             The game lasted 02:01:39 (64323 turns).

theanonym the Slayer (Gargoyle Cinder Acolyte)     Turns: 64323, Time: 02:01:40

Health: 0/178      AC: 55    Str: 39    XL:     25   Next: 99%
Magic:  43/43      EV: 11    Int: 21    God:    Ignis [*****.]
Gold:   570        SH: 13    Dex:  7    Spells: 34/39 levels left

rFire   + + +      SeeInvis +    a - +6 eveningstar (flame)
rCold   + + .      Faith    .    I - +0 kite shield "Itohiot" {rPois rN+ Will- rCorr}
rNeg    + + +      Spirit   .    b - +0 gold dragon scales
rPois   ∞          Reflect  .    o - +0 helmet {SInv}
rElec   +          Harm     .    U - +1 cloak "Etyagael" {-Cast Contam Will+++ Str+3}
rCorr   +          Rampage  .    j - +2 pair of gloves "Gunity" {rPois rN+++ Will- Dex+2}
Will    ++...      Rage     3%   N - +1 pair of boots of the Goldsmith {Str+2 Int+4} Stlth NoCast +
                                 e - amulet of regeneration
HPRegen 1.29/turn                E - ring of the Establishment {rElec rC+ MP+9 SInv}
MPRegen 0.28/turn                X - ring "Tousch" {rF++ Str+6 Slay+4}

@: flying
A: sickness immunity, AC +19, big wings, negative energy resistance 1,
electricity resistance, torment resistance 1, petrification resistance, talons
1, berserk 1
}: 2/15 runes: decaying, gossamer
a: Renounce Religion, Fiery Armour, Foxfire Swarm, Rising Flame


Innate Abilities, Weirdness & Mutations

You are immune to sickness and miasma.
Your stone body is resilient. (AC +19)
You are immune to poison.
Your large and strong wings let you fly.
You resist negative energy. (rN+)
You are resistant to electric shocks. (rElec)
You are resistant to unholy torment.
You are immune to petrification.
You have sharp toenails.
You sometimes lose your temper in combat.


   Skills:
 + Level 24.0 Fighting
 - Level 24.0 Maces & Flails
 + Level 22.6 Armour
 + Level 15.6 Dodging
 - Level 18.0 Shields
 - Level 7.6 Spellcasting
 - Level 7.4 Translocations
 - Level 3.0 Fire Magic


You had 34 spell levels left.
You knew the following spells:

 Your Spells              Type           Power      Damage    Failure   Level
e - Lesser Beckoning      Tloc           78%        N/A       4%          2
l - Blink                 Tloc           78%        N/A       4%          2
q - Apportation           Tloc           78%        N/A       3%          1

Your spell library contained the following spells:

 Spells                   Type           Power      Damage    Failure   Level
 Gell's Gravitas          Tloc           39%        N/A       9%          3
 Teleport Other           Tloc           39%        N/A       9%          3
 Scorch                   Fire           40%        2d7       28%         2
 Manifold Assault         Tloc           39%        N/A       30%         4
 Passage of Golubria      Tloc           39%        N/A       30%         4
 Foxfire                  Conj/Fire      56%        2x1d6     34%         1
 Portal Projectile        Hex/Tloc       46%        N/A       38%         3
 Animate Skeleton         Necr           14%        N/A       54%         1
 Beastly Appendage        Tmut           14%        N/A       54%         1
 Freeze                   Ice            28%        1d5       54%         1
 Magic Dart               Conj           28%        1d4       54%         1
 Necrotise                Necr           28%        1d5       54%         1
 Pain                     Necr           28%        1d5       54%         1
 Shock                    Conj/Air       28%        1d4       54%         1
 Slow                     Hex            28%        N/A       54%         1
 Sting                    Tmut/Pois      28%        1d4       54%         1
 Summon Small Mammal      Summ           28%        N/A       54%         1
 Call Imp                 Summ           7%         N/A       69%         2
 Ensorcelled Hibernation  Hex/Ice        14%        N/A       69%         2
 Passwall                 Tmut/Erth      5%         N/A       69%         2
 Poisonous Vapours        Pois/Air       14%        N/A       69%         2
 Searing Ray              Conj           14%        2d5       69%         2
 Wereblood                Tmut           7%         N/A       69%         2
 Inner Flame              Hex/Fire       14%        N/A       71%         3
 Ignite Poison            Fire/Tmut/Pois 12%        N/A       78%         3
 Iskenderun's Mystic Bla  Conj/Tloc      23%        2d6       80%         4
 Call Canine Familiar     Summ           7%         N/A       89%         3
 Confusing Touch          Hex            7%         N/A       89%         3
 Dazzling Flash           Conj/Hex       14%        N/A       89%         3
 Hailstorm                Conj/Ice       7%         3d4       89%         3
 Mephitic Cloud           Conj/Pois/Air  7%         N/A       89%         3
 Spider Form              Tmut/Pois      7%         N/A       89%         3
 Summon Guardian Golem    Hex/Summ       7%         N/A       89%         3
 Swiftness                Air            7%         N/A       89%         3
 Tukima's Dance           Hex            7%         N/A       89%         3
 Flame Wave               Conj/Fire      14%        2d6       98%         4
 Sticky Flame             Conj/Fire      14%        2d4       98%         4
 Summon Forest            Summ/Tloc      11%        N/A       98%         5
 Dispersal                Tloc           19%        N/A       99%         6
 Airstrike                Air            3%         2d(1-17)  100%        4
 Animate Dead             Necr           7%         N/A       100%        4
 Fulminant Prism          Conj/Hex       3%         3d5       100%        4
 Ice Form                 Ice/Tmut       7%         N/A       100%        4
 Petrify                  Tmut/Erth      7%         N/A       100%        4
 Summon Ice Beast         Ice/Summ       7%         N/A       100%        4
 Summon Lightning Spire   Summ/Air       7%         N/A       100%        4
 Agony                    Necr           7%         N/A       100%        5
 Alistair's Intoxication  Tmut/Pois      4%         N/A       100%        5
 Blade Hands              Tmut           3%         N/A       100%        5
 Fireball                 Conj/Fire      7%         3d5       100%        5
 Freezing Cloud           Conj/Ice/Air   3%         6-21      100%        5
 Irradiate                Conj/Tmut      3%         3d12      100%        5
 Iskenderun's Battlesphe  Conj           7%         2d6       100%        5
 Lightning Bolt           Conj/Air       3%         1d15      100%        5
 Silence                  Hex/Air        3%         N/A       100%        5
 Summon Mana Viper        Hex/Summ       7%         N/A       100%        5
 Yara's Violent Unravell  Hex/Tmut       3%         3d4       100%        5
 Conjure Ball Lightning   Conj/Air       3%         3x3d6     100%        6
 Death Channel            Necr           3%         N/A       100%        6
 Eringya's Noxious Bog    Tmut/Pois      3%         N/A       100%        6
 Iron Shot                Conj/Erth      3%         9d2       100%        6
 Simulacrum               Ice/Necr       3%         N/A       100%        6
 Starburst                Conj/Fire      7%         6d4       100%        6
 Summon Cactus Giant      Summ           3%         N/A       100%        6
 Monstrous Menagerie      Summ           3%         N/A       100%        7
 Orb of Destruction       Conj           3%         9d5       100%        7
 Spellforged Servitor     Conj/Summ      3%         N/A       100%        7
 Storm Form               Tmut/Air       3%         N/A       100%        7
 Summon Hydra             Summ           3%         N/A       100%        7
 Discord                  Hex            3%         N/A       100%        8
 Disjunction              Tloc           19%        N/A       100%        8
 Ignition                 Fire           10%        3d5       100%        8
 Maxwell's Capacitive Co  Air            3%         ∞         100%        8
 Polar Vortex             Ice            3%         N/A       100%        9
 Sublimation of Blood     Necr           Unusable   N/A       N/A         2

Skill      XL: |  1  2  3  4  5  6  7  8  9 10 11 12 13 14 15 16 17 18 19 20 21 22 23 24 25 |
---------------+----------------------------------------------------------------------------+-----
Fighting       | 4 5 6 7 9 10 12 13 14 15 16 17 19 21 22 23 24 | 24.0
Maces & Flails | 5 6 7 9 11 13 14 15 16 17 18 19 20 21 24 | 24.0
Armour         | 5 7 9 10 12 14 15 16 18 19 20 22 | 22.6
Shields        | 5 10 13 15 18 | 18.0
Dodging        | 2 6 8 9 10 11 13 15 | 15.6
Translocations | 7 |  7.4
Spellcasting   | 7 |  7.6
Fire Magic     | |  3.0

Action                     |  1- 3 |  4- 6 |  7- 9 | 10-12 | 13-15 | 16-18 | 19-21 | 22-24 | 25-27 || total
---------------------------+-------+-------+-------+-------+-------+-------+-------+-------+-------++-------
  Melee: Mace              |    26 |       |       |       |       |       |       |       |       ||    26
         Whip              |    55 |   155 |       |       |       |       |       |       |       ||   210
         Unarmed           |       |    32 |       |       |       |       |       |       |       ||    32
         Flail             |       |       |   453 |   281 |       |       |       |       |       ||   734
         Morningstar       |       |       |       |   559 |   529 |       |   327 |  2001 |       ||  3416
         Demon whip        |       |       |       |       |  1041 |  1964 |  1606 |   250 |   262 ||  5123
         Eveningstar       |       |       |       |       |       |       |       |       |   240 ||   240
  Throw: Throwing net      |       |       |       |     2 |     2 |       |     1 |       |       ||     5
  Evoke: Wand              |       |       |     3 |     8 |       |       |     4 |     3 |       ||    18
         Phantom mirror    |       |       |       |       |       |       |     1 |       |       ||     1
    Use: Potion            |     1 |     2 |     2 |     1 |     5 |     3 |     5 |     4 |     4 ||    27
         Scroll            |       |       |    14 |     9 |     8 |     9 |    11 |     6 |    12 ||    69
   Stab: Held in net/web   |       |       |       |     2 |       |       |     1 |       |       ||     3
         Petrified         |       |       |       |     2 |       |       |       |       |       ||     2
 Armour: Robe              |    28 |    13 |       |       |       |       |       |       |       ||    41
         Scale mail        |       |    21 |    71 |       |       |       |       |       |       ||    92
         Leather armour    |       |    10 |       |       |       |       |       |       |       ||    10
         Chain mail        |       |       |   247 |   544 |       |       |       |       |       ||   791
         Crystal plate arm |       |       |       |   113 |   930 |  1233 |   253 |       |       ||  2529
         Plate armour      |       |       |       |       |       |       |   606 |  1744 |   314 ||  2664
         Gold dragon scale |       |       |       |       |       |       |       |       |    72 ||    72
  Dodge: Dodged            |    53 |    88 |   216 |   402 |   541 |   680 |   416 |  1016 |   197 ||  3609
  Block: Kite shield       |       |       |       |    29 |   841 |   941 |   741 |  1432 |   307 ||  4291
         Tower shield      |       |       |       |       |       |       |       |     1 |    12 ||    13

Inventory:

Hand Weapons
 a - a +6 eveningstar of flaming (weapon)
Missiles
 k - 3 throwing nets (quivered)
Armour
 b - +0 gold dragon scales (worn)
 d - the +3 tower shield of Honour {Slay+3}

   Slay:      It affects your accuracy & damage with ranged weapons and melee
   (+3).
 j - the +2 pair of gloves "Gunity" (worn) {rPois rN+++ Will- Dex+2}

   Dex:       It affects your dexterity (+2).
   rPois:     It protects you from poison.
   rN:        It renders you almost immune to negative energy.
   Will:      It decreases your willpower.
 o - a +0 helmet of see invisible (worn)
 x - a +0 crystal plate armour
 I - the +0 kite shield "Itohiot" (worn) {rPois rN+ Will- rCorr} rPois: It protects you from poison. rN: It protects you from negative energy. rCorr: It protects you from acid and corrosion. Will: It decreases your willpower.
 N - the +1 pair of boots of the Goldsmith (worn) {Str+2 Int+4}

   Str:       It affects your strength (+2).
   Int:       It affects your intelligence (+4).
 U - the +1 cloak "Etyagael" (worn) {-Cast Contam Will+++ Str+3}

   Str:       It affects your strength (+3).
   -Cast:     It prevents spellcasting.
   Contam:    It causes magical contamination when unequipped.
   Will:      It greatly increases your willpower.
Jewellery
 e - an amulet of regeneration (around neck)
 i - a ring of protection from cold
 A - a ring of positive energy {rN+}
 E - the ring of the Establishment (left hand) {rElec rC+ MP+9 SInv}

   [ring of magical power]

   rC:        It protects you from cold.
   rElec:     It insulates you from electricity.
   MP:        It affects your magic capacity (+9).
   SInv:      It lets you see invisible.
 X - the ring "Tousch" (right hand) {rF++ Str+6 Slay+4}

   [ring of slaying]

   Str:       It affects your strength (+6).
   Slay:      It affects your accuracy & damage with ranged weapons and melee
   (+4).
   rF:        It greatly protects you from fire.
 Z - the ring of Vuschipli {rF+ Dex+3}

   [ring of protection from fire]

   Dex:       It affects your dexterity (+3).
   rF:        It protects you from fire.
Wands
 v - a wand of acid (25)
Scrolls
 c - 10 scrolls of noise
 f - 5 scrolls of fog
 g - 2 scrolls of holy word
 n - 3 scrolls of fear
 r - 28 scrolls of identify
 t - 15 scrolls of teleportation
 u - 6 scrolls of immolation
 y - 3 scrolls of magic mapping
 B - 4 scrolls of blinking
 H - 3 scrolls of silence
 P - 4 scrolls of enchant armour
 T - a scroll of summoning
Potions
 h - 4 potions of haste
 l - 9 potions of mutation
 m - 3 potions of might
 q - 9 potions of heal wounds
 w - 20 potions of curing
 D - 3 potions of berserk rage
 J - 5 potions of resistance {rF+ rC+}
 M - 14 potions of ambrosia
 Q - 3 potions of cancellation
Miscellaneous
 s - a phantom mirror
 F - a phantom mirror
 O - a phantom mirror


You were on level 4 of the Vaults.
You worshipped Ignis.
Ignis was extremely pleased with you.
You visited 9 branches of the dungeon, and saw 46 of its levels.
You visited 1 bazaar.
You also visited: Sewer, Gauntlet and Wizlab.

You collected 7572 gold pieces.
You spent 7002 gold pieces at shops.

Dungeon Overview and Level Annotations

Branches:
Dungeon (15/15)            Temple (0/1) D:5            Lair (6/6) D:8
  Swamp (4/4) Lair:4       Spider (4/4) Lair:3        Slime (0/5) Lair:5
    Orc (2/2) D:11            Elf (3/3) Orc:2        Vaults (5/5) D:13
  Crypt (3/3) Vaults:3       Tomb (0/3) Crypt:3      Depths (4/4) D:15
    Zot (0/5) Depths:4      Sewer (visited)          WizLab (visited)
Gauntlet (visited)

Altars:
Fedhas
Makhleb
Okawaru
Sif Muna
Trog
Wu Jian
Xom
Jiyva

Shops:
D:5 *   D:6 [   Orc:1 :(*:   Orc:2 ((*!   Elf:2 [   Vaults:1 !   Vaults:3 (
Depths:1 *   Depths:4 *=[*

Portals:
Hell: Lair:6 Depths:1 Depths:2 Depths:3 Depths:4
Abyss: Depths:3
Pandemonium: Depths:2 Depths:4
Ziggurat: Depths:4

# #.###.....###.##..........##.
##.#.#...#.#.###..........##'
#####[.#..#.#..#..##..........'..
...'[(.'...#...'...'...(......#..
...##..#..#.#..#..##..........###
...###.#.#...#.#.###..........#
...##.###.....###.##..........#
...##..####'####D.###########'###
...##...#.....#c@.# #......
...##....#...#.).|# #......
###########.####### ##.###.# ###
#...#..( #..###.# ##...#...
#...###†# #....#... #...###.#


You could see a quicksilver dragon and a yaktaur captain.

Notes
Turn   | Place    | Note
-------+----------+-------------------------------------------
     0 | D:1      | theanonym the Gargoyle Cinder Acolyte began the quest for
                  | the Orb.
     0 | D:1      | Reached XP level 1. HP: 14/14 MP: 2/2
   327 | D:1      | Reached XP level 2. HP: 19/19 MP: 3/3
   435 | D:1      | Found a faded altar of an unknown god.
   717 | D:1      | Reached XP level 3. HP: 21/24 MP: 4/4
  1194 | D:2      | Noticed Sigmund
  1223 | D:2      | HP: 9/24 [Sigmund (11)]
  1229 | D:2      | Killed Sigmund
  1230 | D:2      | Reached skill level 4 in Fighting
  1230 | D:2      | Reached skill level 5 in Maces & Flails
  1230 | D:2      | Reached XP level 4. HP: 12/30 MP: 5/5
  1230 | D:2      | Reached XP level 5. HP: 14/34 MP: 6/6
  1727 | D:2      | Noticed Jessica
  1733 | D:2      | Killed Jessica
  1734 | D:2      | Reached skill level 5 in Fighting
  1734 | D:2      | Reached XP level 6. HP: 40/40 MP: 7/7
  2273 | D:2      | Found a runed translucent door.
  2274 | D:2      | Noticed Crazy Yiuf
  2472 | D:2      | Killed Crazy Yiuf
  3250 | D:4      | Noticed Ijyb
  3282 | D:4      | HP: 18/40 [Ijyb (3)]
  3294 | D:4      | Killed Ijyb
  3295 | D:4      | Reached skill level 6 in Maces & Flails
  3570 | D:4      | Noticed Robin
  3578 | D:4      | Killed Robin
  4029 | D:4      | Noticed Edmund
  4051 | D:4      | Killed Edmund
  4052 | D:4      | Reached XP level 7. HP: 26/44 MP: 8/8
  4382 | D:5      | Entered Level 5 of the Dungeon
  4466 | D:5      | Reached skill level 7 in Maces & Flails
  4481 | D:5      | Reached skill level 6 in Fighting
  4717 | D:5      | Found a staircase to the Ecumenical Temple.
  4870 | D:5      | HP: 21/46 [water moccasin skeleton (5)]
  4889 | D:5      | Reached XP level 8. HP: 25/52 MP: 9/9
  4894 | D:5      | Reached skill level 8 in Maces & Flails
  5117 | D:5      | Found Ufiph's General Store.
  5464 | D:5      | HP: 26/52 [ogre (10)]
  5466 | D:5      | HP: 4/52 [ogre (22)]
  5473 | D:5      | Reached skill level 7 in Fighting
  5473 | D:5      | HP: 20/53 [worm (7)]
  5681 | D:6      | Identified a scroll of acquirement
  5681 | D:6      | Acquired the +1 cloak "Etyagael" {-Cast Contam Will+++
                  | Str+3}
  5769 | D:6      | Found a glowing drain.
  5873 | Sewer    | Entered a sewer
  5923 | Sewer    | Reached skill level 9 in Maces & Flails
  6576 | Sewer    | Reached XP level 9. HP: 59/59 MP: 10/10
  6683 | D:6      | Reached skill level 8 in Fighting
  6690 | D:6      | Found a bloodstained altar of Trog.
  6698 | D:6      | Reached skill level 10 in Maces & Flails
  6934 | D:6      | Found Rybrehet's Armour Emporium.
  7085 | D:5      | Bought a potion of heal wounds for 75 gold pieces
  7085 | D:5      | Bought a scroll of magic mapping for 52 gold pieces
  7085 | D:5      | Bought a scroll of identify for 30 gold pieces
  7094 | D:6      | Found an ornate altar of the Wu Jian Council.
  7655 | D:7      | HP: 29/59 [orc priest/divine providence (9)]
  8217 | D:7      | Reached skill level 11 in Maces & Flails
  8282 | D:7      | HP: 28/60 [killer bee (5)]
  8297 | D:7      | HP: 29/60 [killer bee (3)]
  8301 | D:7      | Reached skill level 9 in Fighting
  8305 | D:7      | HP: 30/60 [killer bee (2)]
  8312 | D:7      | HP: 28/60 [killer bee (4)]
  8479 | D:7      | Reached XP level 10. HP: 66/66 MP: 11/11
  8598 | D:8      | Reached skill level 12 in Maces & Flails
  8598 | D:8      | HP: 33/66 [wolf (1)]
  8604 | D:7      | HP: 25/66 [scorpion (3)]
  8658 | D:7      | HP: 33/67 [wyvern (1)]
  8734 | D:8      | Found a staircase to the Lair.
  8743 | D:8      | Reached skill level 10 in Fighting
  8796 | D:8      | Noticed Psyche
  8822 | D:8      | Killed Psyche
  8873 | D:8      | Noticed Harold
  8891 | D:8      | Killed Harold
  8892 | D:8      | Reached skill level 13 in Maces & Flails
  9696 | D:8      | Found an iron altar of Okawaru.
  9704 | D:8      | Reached XP level 11. HP: 73/73 MP: 12/12
  9918 | D:9      | Reached skill level 11 in Fighting
  9969 | D:9      | Noticed a manticore
  9991 | D:9      | Killed a manticore
  9992 | D:9      | Reached skill level 14 in Maces & Flails
 10145 | D:9      | Reached skill level 1 in Armour
 10605 | D:10     | Entered Level 10 of the Dungeon
 10655 | D:10     | Reached skill level 2 in Armour
 11008 | D:10     | Noticed a cyclops
 11020 | D:10     | Killed a cyclops
 11043 | D:10     | Reached skill level 3 in Armour
 11259 | D:11     | Found a staircase to the Orcish Mines.
 11398 | D:10     | HP: 37/76 [orc priest/divine providence (13)]
 11401 | D:10     | Reached skill level 12 in Fighting
 11477 | D:11     | Reached skill level 4 in Armour
 11569 | D:11     | Noticed Fannar
 11601 | D:10     | HP: 29/76 [Fannar/refrigeration (13)]
 11711 | D:10     | Killed Fannar
 11712 | D:10     | Reached skill level 5 in Armour
 12010 | D:11     | Noticed Erolcha
 12031 | D:11     | Killed Erolcha
 12094 | D:11     | HP: 35/76 [vampire mosquito (7)]
 12102 | D:11     | HP: 34/76 [vampire mosquito (1)]
 12108 | D:11     | HP: 29/76 [vampire mosquito (6)]
 12119 | D:11     | HP: 32/76 [vampire mosquito (1)]
 12134 | D:10     | HP: 36/76 [vampire mosquito (4)]
 12143 | D:10     | HP: 33/76 [vampire mosquito (1)]
 12489 | Lair:1   | Entered Level 1 of the Lair of Beasts
 12511 | Lair:1   | HP: 34/76 [wolf (8)]
 12692 | Lair:1   | Reached XP level 12. HP: 82/82 MP: 13/13
 12698 | Lair:1   | Reached skill level 6 in Armour
 12930 | Lair:1   | Reached skill level 13 in Fighting
 12984 | Lair:1   | Found a runed translucent door.
 13018 | Lair:1   | Identified the +5 trident of Virtue {pain, rC+ Int+4 Dex+4
                  | Stlth+}
 13019 | Lair:1   | Noticed Roaleyf's ghost (journeyman DsDe)
 13660 | Lair:2   | Noticed Sonja
 13667 | Lair:2   | Noticed Sonja
 13667 | Lair:2   | Sonja changed into Sonja the rime drake
 13671 | Lair:2   | Killed Sonja the rime drake
 13772 | Lair:2   | Noticed a boulder beetle
 13778 | Lair:2   | Killed a boulder beetle
 13779 | Lair:2   | Reached skill level 15 in Maces & Flails
 13945 | Lair:2   | Reached skill level 7 in Armour
 14107 | Lair:3   | Found a gate leading to a gauntlet.
 14122 | Lair:3   | Noticed a catoblepas
 14125 | Gauntlet | Entered a Gauntlet
 14125 | Gauntlet | Found a transporter.
 14145 | Gauntlet | Found a transporter.
 14160 | Gauntlet | Found a transporter.
 14165 | Gauntlet | Found a transporter.
 14173 | Gauntlet | Noticed a catoblepas
 14186 | Gauntlet | Found a transporter.
 14200 | Gauntlet | Found a transporter.
 14212 | Gauntlet | Found a transporter.
 14220 | Gauntlet | Noticed a dire elephant
 14224 | Gauntlet | Found a transporter.
 14230 | Gauntlet | Found a transporter.
 14230 | Gauntlet | Found a transporter.
 14249 | Gauntlet | Found a transporter.
 14261 | Gauntlet | Found a transporter.
 14264 | Gauntlet | Noticed a ghost crab
 14285 | Gauntlet | Found a transporter.
 14302 | Gauntlet | Found a transporter.
 14304 | Gauntlet | Found a transporter.
 14329 | Gauntlet | Found a transporter.
 14331 | Gauntlet | Found a transporter.
 14353 | Gauntlet | Found a transporter.
 14675 | Gauntlet | Killed a catoblepas
 14722 | Gauntlet | Identified the +2 pair of gloves "Gunity" {rPois rN+++
                  | Will- Dex+2}
 14745 | Gauntlet | Noticed a minotaur
 14753 | Gauntlet | HP: 57/126 [minotaur (20)]
 14757 | Gauntlet | Killed a minotaur
 14807 | Gauntlet | Got the Disquisition on Flight
 14821 | Gauntlet | Reached skill level 1 in Shields
 14842 | Gauntlet | Reached skill level 2 in Shields
 14908 | Lair:3   | Reached skill level 3 in Shields
 14919 | Lair:3   | Killed a catoblepas
 14920 | Lair:3   | Reached skill level 4 in Shields
 14987 | Lair:3   | Reached skill level 5 in Shields
 14987 | Lair:3   | Reached XP level 13. HP: 88/88 MP: 14/14
 15079 | Lair:3   | Reached skill level 6 in Shields
 15079 | Lair:3   | Found a hole to the Spider Nest.
 15267 | Lair:3   | HP: 43/88 [torpor snail (12)]
 15279 | Lair:3   | HP: 34/88 [death yak[a torpor snail] (15)]
 15286 | Lair:2   | HP: 40/88 [death yak[a torpor snail] (3)]
 15298 | Lair:2   | HP: 38/88 [death yak[a torpor snail] (13)]
 15301 | Lair:2   | Reached skill level 7 in Shields
 15425 | Lair:3   | You fall into a shaft and drop 3 floors!
 15425 | Lair:6   | Entered Level 6 of the Lair of Beasts
 15467 | Lair:6   | Reached skill level 16 in Maces & Flails
 15494 | Lair:6   | Reached skill level 8 in Shields
 15518 | Lair:6   | Reached skill level 8 in Armour
 15637 | Lair:6   | Reached skill level 9 in Shields
 15666 | Lair:6   | Reached skill level 14 in Fighting
 15829 | Lair:6   | Reached skill level 10 in Shields
 15833 | Lair:6   | Reached skill level 9 in Armour
 15841 | Lair:6   | HP: 42/90 [death yak (16)]
 15851 | Lair:6   | Gained mutation: Your large and strong wings let you fly.
                  | [Gargoyle growth]
 15851 | Lair:6   | Reached XP level 14. HP: 53/96 MP: 15/15
 15870 | Lair:6   | HP: 48/96 [death yak (7)]
 15875 | Lair:6   | HP: 36/96 [death yak (13)]
 16068 | Lair:6   | Reached skill level 11 in Shields
 16082 | Lair:6   | HP: 45/96 [komodo dragon (15)]
 16087 | Lair:6   | HP: 18/96 [komodo dragon (12)]
 16097 | Lair:6   | HP: 27/96 [komodo dragon (1)]
 16110 | Lair:6   | HP: 30/96 [blink frog (11)]
 16581 | Lair:5   | Found a viscous altar of Jiyva.
 16581 | Lair:5   | Found a staircase to the Slime Pits.
 16582 | Lair:5   | Acquired a +3 demon whip of electrocution
 16862 | Lair:4   | Reached skill level 10 in Armour
 16950 | Lair:4   | Reached skill level 12 in Shields
 17779 | Lair:4   | Reached skill level 15 in Fighting
 17786 | Lair:4   | HP: 47/98 [meliai (7)]
 17802 | Lair:4   | HP: 48/98 [meliai (2)]
 18077 | Lair:4   | Found a staircase to the Swamp.
 18480 | Lair:5   | Noticed Rupert
 18662 | D:6      | Bought the +1 pair of boots of the Goldsmith {Str+2 Int+4}
                  | for 436 gold pieces
 18673 | D:6      | Bought a +0 helmet of see invisible for 172 gold pieces
 18936 | Orc:1    | Entered Level 1 of the Orcish Mines
 18936 | Orc:1    | Noticed Erica
 18956 | Orc:1    | Killed Erica
 19089 | Orc:1    | Found Giasa's General Store.
 19182 | Orc:1    | Found Geewn's Weapon Shoppe.
 19336 | Orc:1    | Found Dureajeg's Book Emporium.
 19460 | Orc:2    | Entered Level 2 of the Orcish Mines
 19490 | Orc:1    | Found Tatwephu's Book Emporium.
 19832 | Orc:2    | Reached skill level 13 in Shields
 19951 | Orc:2    | HP: 49/98 [warg (8)]
 19956 | Orc:2    | HP: 31/98 [orc high priest/divine providence (12)]
 19964 | Orc:2    | HP: 20/98 [warg (3)]
 20118 | Orc:2    | HP: 48/98 [orc priest/divine providence (12)]
 20180 | Orc:1    | Reached XP level 15. HP: 103/103 MP: 16/16
 20190 | Orc:2    | Gained mutation: Armour fits poorly on your strangely
                  | shaped body. [a neqoxec]
 20192 | Orc:1    | Lost mutation: Armour fits poorly on your strangely shaped
                  | body. [potion of mutation]
 20192 | Orc:1    | Gained mutation: You sometimes lose your temper in combat.
                  | [potion of mutation]
 20192 | Orc:1    | Gained mutation: You have sharp toenails. [potion of
                  | mutation]
 20226 | Orc:1    | Reached skill level 11 in Armour
 20383 | Orc:2    | Noticed Josephine
 20391 | Orc:2    | Killed Josephine
 20435 | Orc:2    | Found a staircase to the Elven Halls.
 20577 | Orc:2    | Found Ruykhli's Assorted Antiques.
 20577 | Orc:2    | Found Voeczie's Distillery.
 20582 | Orc:2    | HP: 42/103 [orc priest/divine providence (16)]
 20589 | Orc:2    | HP: 39/103 [orc priest/divine providence (8)]
 20683 | Orc:2    | Bought a potion of mutation for 120 gold pieces
 20683 | Orc:2    | Bought a potion of resistance for 150 gold pieces
 20721 | Orc:2    | Bought a masterwork plate armour for 924 gold pieces
 20721 | Orc:2    | Identified the +1 plate armour of the Planets {-Tele rN+
                  | Will+ MP+9} (You bought it in a shop on level 2 of the
                  | Orcish Mines)
 20774 | Orc:2    | Found Kinafoak's Antique Weapon Shoppe.
 20774 | Orc:2    | Found Zoben's Antique Weapon Boutique.
 21301 | Lair:5   | Killed Rupert
 21713 | Lair:5   | Reached skill level 14 in Shields
 22325 | Lair:6   | Found a burning altar of Makhleb.
 22340 | Lair:6   | Found a gateway to Hell.
 22348 | Lair:6   | Got Sif Muna's Incunabulum of Shape Shifting
 22668 | Lair:1   | Killed Roaleyf's ghost
 23131 | D:12     | Reached skill level 16 in Fighting
 23420 | D:12     | Found a large runed translucent door.
 23420 | D:12     | Found a large runed translucent door.
 23422 | D:12     | Noticed septik's ghost (journeyman MiBe)
 23422 | D:12     | Found the +13 scythe of Curses {drain, Drain}
 23506 | D:12     | Killed septik's ghost
 23616 | D:13     | Reached skill level 12 in Armour
 23638 | D:13     | Reached skill level 15 in Shields
 23702 | D:13     | Reached skill level 1 in Dodging
 23820 | D:13     | Found a gate to the Vaults.
 24133 | D:13     | You are sucked into a shaft and drop 1 floor!
 24157 | D:14     | Noticed Jorgrun
 24228 | D:13     | Killed Jorgrun
 24229 | D:13     | Reached skill level 2 in Dodging
 24377 | D:14     | Reached XP level 16. HP: 110/111 MP: 17/17
 24720 | D:14     | Reached skill level 3 in Dodging
 24731 | D:14     | Got Hoecest's Collected Works on Icy Flight
 24837 | D:14     | Found the +12 glaive of Prune {vorpal}
 24845 | D:14     | Reached skill level 13 in Armour
 25080 | D:15     | Entered Level 15 of the Dungeon
 25199 | D:15     | Found a blossoming altar of Fedhas.
 25227 | D:15     | Reached skill level 17 in Fighting
 25270 | D:15     | Reached skill level 4 in Dodging
 25318 | D:15     | HP: 56/112 [death knight (5)]
 25770 | D:15     | Reached skill level 5 in Dodging
 25859 | D:15     | Found a staircase to the Depths.
 26295 | Spider:1 | Entered Level 1 of the Spider Nest
 26718 | Spider:1 | Noticed Asterion
 26742 | Spider:1 | Killed Asterion
 26743 | Spider:1 | Reached skill level 14 in Armour
 27611 | Spider:2 | Noticed Frances
 27646 | Spider:2 | HP: 85/171 [wolf spider (7)]
 27648 | Spider:2 | Killed Frances
 27657 | Spider:2 | HP: 79/171 [redback (1)]
 27668 | Spider:2 | Reached skill level 6 in Dodging
 27668 | Spider:2 | HP: 80/171 [redback (3)]
 27673 | Spider:2 | HP: 47/114 [redback (8)]
 27683 | Spider:2 | HP: 49/114 [demonic crawler (6)]
 27695 | Spider:2 | HP: 38/114 [wolf spider (1)]
 27701 | Spider:2 | HP: 38/114 [wolf spider (1)]
 27710 | Spider:2 | Reached XP level 17. HP: 43/119 MP: 18/18
 27714 | Spider:2 | HP: 23/119 [disintegration (27)]
 28188 | Spider:3 | Upgraded the game from 0.28-a0-1130-gc51a68064b to
                  | 0.28-a0-1143-gcf6077d4cc
 28195 | Spider:3 | Reached skill level 18 in Fighting
 28452 | Spider:3 | Noticed Kirke
 28492 | Spider:3 | Killed Kirke
 28668 | Spider:3 | Found a large runed translucent door.
 28668 | Spider:3 | Found a large runed translucent door.
 28674 | Spider:3 | Noticed sanka's ghost (adept PaAK)
 28874 | Spider:3 | Reached skill level 7 in Dodging
 29169 | Spider:3 | Identified the +5 scale mail of Protective Custody {Fly
                  | rN+}
 29192 | Spider:3 | HP: 57/120 [sanka's ghost (21)]
 29195 | Spider:3 | HP: 19/120 [sanka's ghost (14)]
 29202 | Spider:3 | HP: 20/120 [sanka's ghost (6)]
 29207 | Spider:3 | Killed sanka's ghost
 29343 | Spider:4 | Entered Level 4 of the Spider Nest
 29360 | Spider:4 | Reached skill level 15 in Armour
 29494 | Spider:4 | Noticed Arachne
 29716 | Spider:4 | HP: 59/120 [wolf spider (7)]
 29718 | Spider:4 | HP: 28/120 [wolf spider (4)]
 29718 | Spider:4 | HP: 13/120 [Arachne (15)]
 30449 | Spider:3 | Killed Arachne
 30937 | Spider:4 | Noticed Mara
 30938 | Spider:4 | Noticed theanonym's illusion
 31141 | Swamp:1  | Entered Level 1 of the Swamp
 31202 | Swamp:1  | Reached skill level 8 in Dodging
 31864 | Swamp:2  | Reached skill level 19 in Fighting
 31879 | Swamp:2  | HP: 57/122 [alligator (7)]
 31885 | Swamp:2  | Reached XP level 18. HP: 63/128 MP: 19/19
 32280 | Swamp:2  | HP: 55/128 [bunyip (17)]
 32647 | Swamp:3  | Noticed Mlioglotl
 32661 | Swamp:3  | Killed Mlioglotl
 32662 | Swamp:3  | Reached skill level 16 in Armour
 32839 | Swamp:3  | Noticed Bai Suzhen
 32862 | Swamp:3  | HP: 63/128 [eight-headed hydra[Bai Suzhen] (10)]
 32864 | Swamp:3  | Killed Bai Suzhen
 32925 | Swamp:3  | Found a shimmering blue altar of Sif Muna.
 32934 | Swamp:3  | HP: 54/128 [eleionoma/spray of wooden splinters (38)]
 33213 | Swamp:4  | Entered Level 4 of the Swamp
 33430 | Swamp:4  | Reached skill level 9 in Dodging
 33572 | Swamp:4  | Acquired a +2 pair of gloves of dexterity
 33581 | Swamp:4  | Reached skill level 17 in Maces & Flails
 33922 | Swamp:4  | Noticed a bone dragon
 33960 | Swamp:3  | Killed a bone dragon
 34304 | Swamp:4  | Got a decaying rune of Zot
 34667 | Elf:1    | Entered Level 1 of the Elven Halls
 34705 | Elf:1    | HP: 64/129 [deep elf zephyrmancer/bolt of lightning (10)]
 34928 | Elf:1    | You are sucked into a shaft and drop 1 floor!
 35101 | Elf:2    | HP: 57/129 [deep elf knight/shard of ice (13)]
 35104 | Elf:2    | HP: 26/129 [+1 vampiric hand axe (5)]
 35110 | Elf:2    | HP: 10/129 [+0 war axe of venom (15)]
 35111 | Elf:2    | Noticed a deep elf blademaster
 35117 | Elf:2    | HP: 38/129 [fire elemental[a deep elf pyromancer] (2)]
 35206 | Elf:1    | Found a shimmering altar of Xom.
 35238 | Elf:1    | Reached XP level 19. HP: 114/134 MP: 20/20
 35261 | Elf:1    | HP: 67/134 [deep elf zephyrmancer/bolt of lightning (7)]
 35393 | Elf:2    | Reached skill level 17 in Armour
 35420 | Elf:2    | Paralysed by an air elemental for 1 turns
 35471 | Elf:1    | Reached skill level 20 in Fighting
 35595 | Elf:1    | Reached skill level 10 in Dodging
 35704 | Elf:1    | Paralysed by an air elemental for 1 turns
 35712 | Elf:1    | Paralysed by an air elemental for 1 turns
 35749 | Elf:1    | Paralysed by an air elemental for 1 turns
 36354 | Elf:2    | Found Jimizxikuu's Armour Boutique.
 36674 | Elf:2    | Found a huge runed translucent gate.
 36674 | Elf:2    | Found a huge runed translucent gate.
 36674 | Elf:2    | Found a huge runed translucent gate.
 36674 | Elf:2    | Found a huge runed translucent gate.
 36681 | Elf:2    | Found a huge runed translucent gate.
 36932 | Elf:2    | Reached skill level 18 in Maces & Flails
 37459 | Elf:3    | Entered Level 3 of the Elven Halls
 37540 | Elf:3    | Reached skill level 18 in Armour
 37957 | Elf:3    | Reached skill level 21 in Fighting
 37967 | Elf:3    | HP: 64/137 [deep elf master archer/arrow (13)]
 37979 | Elf:3    | HP: 36/137 [deep elf master archer/arrow (21)]
 37983 | Elf:3    | Reached XP level 20. HP: 40/144 MP: 21/21
 38002 | Elf:3    | HP: 35/144 [+3 vorpal war axe (13)]
 38023 | Elf:3    | HP: 25/144 [+3 vorpal war axe (16)]
 38041 | Elf:3    | Identified the +9 plate armour of Shadows and Fog {rC+
                  | Dex+4}
 38085 | Elf:3    | Identified the +1 quarterstaff of Cruel Justice {drain,
                  | rElec Str+6 Dex+4}
 38086 | Elf:3    | HP: 66/144 [deep elf blademaster (7)]
 38093 | Elf:3    | HP: 63/144 [deep elf blademaster (5)]
 38098 | Elf:3    | HP: 64/144 [deep elf blademaster (2)]
 38223 | Elf:3    | Got the Incunabulum of Venomous Calling
 38235 | Elf:3    | Identified the +5 dagger "Mijunina" {antimagic, Fly rElec
                  | rCorr}
 38292 | Elf:3    | Identified the +6 glaive of the Final Decision {vorpal,
                  | Will+ Str+2}
 38314 | Elf:3    | Found the +6 Majin-Bo {vamp, MP+6 Int+6}
 38327 | Elf:3    | Got Achoff's Almanac of Nocuous Conjuration
 38349 | Elf:3    | Got Egof's Catalogue of Fire and Air
 38365 | Elf:3    | Identified the ring of the Establishment {rElec rC+ MP+9
                  | SInv}
 39122 | Spider:4 | Reached skill level 19 in Maces & Flails
 39454 | Spider:4 | Noticed theanonym's illusion
 39667 | Spider:4 | Killed Mara
 39874 | Spider:4 | Got a gossamer rune of Zot
 40519 | Vaults:1 | Entered Level 1 of the Vaults
 40574 | Vaults:1 | Reached skill level 19 in Armour
 40616 | Vaults:1 | Found Cuczif's Distillery.
 40624 | Vaults:1 | Bought 2 potions of heal wounds for 120 gold pieces
 40651 | Vaults:1 | Noticed Aizul
 40674 | Vaults:1 | Killed Aizul
 41079 | Vaults:1 | HP: 69/145 [ironbound frostheart (8)]
 41085 | Vaults:1 | HP: 47/145 [ironbound convoker (18)]
 41339 | Vaults:1 | Reached skill level 22 in Fighting
 42065 | Vaults:2 | Reached XP level 21. HP: 122/151 MP: 22/22
 42066 | Vaults:2 | HP: 49/151 [war gargoyle[a peacekeeper] (33)]
 42077 | Vaults:2 | HP: 52/151 [war gargoyle[a peacekeeper] (10)]
 42080 | Vaults:1 | HP: 17/151 [war gargoyle[a peacekeeper] (25)]
 42085 | Vaults:1 | HP: 33/151 [ironbound preserver (7)]
 43572 | Vaults:3 | Found Ciaduy's Weapon Boutique.
 43611 | Vaults:3 | Found Foaczogo's Armour Boutique.
 43626 | Vaults:3 | Reached skill level 20 in Maces & Flails
 43775 | Vaults:2 | Reached skill level 20 in Armour
 43901 | Vaults:3 | Found a flickering gateway to a bazaar.
 43910 | Bazaar   | Entered a bazaar
 43910 | Bazaar   | Found Tyrghiung's Book Boutique.
 43910 | Bazaar   | Found Keifen's Distillery.
 43917 | Bazaar   | Found Deupuj's Antique Armour Emporium.
 43921 | Bazaar   | Found Dorph's Magic Scroll Boutique.
 43926 | Bazaar   | Bought a masterwork kite shield for 247 gold pieces
 43926 | Bazaar   | Identified the +0 kite shield "Itohiot" {rPois rN+ Will-
                  | rCorr} (You bought it in a shop in a bazaar)
 43942 | Bazaar   | Found Ucuxkuop's Antique Weapon Boutique.
 43948 | Bazaar   | Found Wiqerefu's Assorted Antiques.
 43956 | Bazaar   | Bought a scroll of teleportation for 63 gold pieces
 43984 | Bazaar   | Bought a fine pewter ring for 105 gold pieces
 43984 | Bazaar   | Identified the ring of Diwypn {rPois Int+4} (You bought it
                  | in a shop in a bazaar)
 43984 | Bazaar   | Bought a pair of glowing gloves for 157 gold pieces
 43984 | Bazaar   | Bought a runed hat for 147 gold pieces
 43985 | Bazaar   | theanonym: ??infusion
 43985 | Bazaar   | beem: infusion[1/2]: Glove-slot ego adding 0-4 damage
                  | on-hit in exchange for 2 MP each. Added in 0.28.
 44007 | Bazaar   | Bought a scroll of enchant armour for 90 gold pieces
 44007 | Bazaar   | Bought a scroll of summoning for 114 gold pieces
 44007 | Bazaar   | Bought a scroll of teleportation for 36 gold pieces
 44007 | Bazaar   | Bought a scroll of enchant armour for 90 gold pieces
 44007 | Bazaar   | Bought a scroll of magic mapping for 42 gold pieces
 44011 | Bazaar   | Bought 2 potions of haste for 200 gold pieces
 44011 | Bazaar   | Bought a potion of haste for 100 gold pieces
 44011 | Bazaar   | Bought a potion of cancellation for 80 gold pieces
 44810 | Vaults:3 | Found a staircase to the Crypt.
 45782 | Vaults:3 | Reached skill level 23 in Fighting
 46871 | Vaults:4 | Identified the +0 arbalest of the Shore {venom, rN+}
 47086 | Vaults:4 | Reached skill level 11 in Dodging
 47338 | Vaults:4 | Reached XP level 22. HP: 131/160 MP: 5/23
 47700 | Vaults:4 | HP: 77/160 [ironbound preserver (18)]
 48537 | Vaults:4 | HP: 75/160 [yaktaur captain/bolt (20)]
 48573 | Vaults:4 | Reached skill level 21 in Maces & Flails
 48742 | Vaults:4 | Acquired a manual of Dodging
 49404 | Crypt:1  | Entered Level 1 of the Crypt
 49898 | Crypt:1  | Reached skill level 12 in Dodging
 49902 | Crypt:1  | HP: 77/161 [phantasmal warrior[a death knight] (10)]
 51001 | Crypt:2  | HP: 78/161 [ancient champion/iron shot (29)]
 51565 | Crypt:2  | Identified the ring "Sieg" {Will+ Dex+5}
 51575 | Crypt:2  | HP: 80/161 [skeletal warrior (4)]
 51580 | Crypt:2  | HP: 73/161 [jiangshi[a vampire mage] (11)]
 51585 | Crypt:1  | HP: 55/161 [skeletal warrior (11)]
 51591 | Crypt:1  | HP: 41/161 [jiangshi[a vampire mage] (10)]
 51602 | Crypt:1  | HP: 28/161 [ancient champion (23)]
 51710 | Crypt:1  | Reached skill level 24 in Fighting
 51998 | Crypt:2  | Reached skill level 13 in Dodging
 52214 | Crypt:2  | HP: 79/161 [??? (16)]
 52771 | Crypt:3  | Entered Level 3 of the Crypt
 53587 | Crypt:3  | Noticed Jory
 53619 | Crypt:3  | Killed Jory
 53926 | Crypt:3  | Reached XP level 23. HP: 147/167 MP: 13/24
 54061 | Crypt:3  | Reached skill level 14 in Dodging
 54783 | Crypt:3  | Reached skill level 22 in Maces & Flails
 55150 | Crypt:3  | Identified the ring "Tousch" {rF++ Str+6 Slay+4}
 55251 | Crypt:3  | Got Ihotu's Collected Works on Supportive Evil
 55253 | Crypt:3  | Identified the ring of Vuschipli {rF+ Dex+3}
 55678 | Crypt:3  | Found a staircase to the Tomb.
 55694 | Crypt:3  | Noticed an ancient lich
 55707 | Crypt:3  | Killed an ancient lich
 55833 | Crypt:3  | Found the +8 Vampire's Tooth {vamp}
 55966 | Crypt:3  | Noticed an ancient lich
 55976 | Crypt:3  | Killed an ancient lich
 55977 | Crypt:3  | Reached skill level 15 in Dodging
 56014 | Crypt:3  | theanonym: ??lich
 56014 | Crypt:3  | beem: lich[1/2]: A powerful late game undead magic user
                  | with high spell power greater demon, paralyze, crystal
                  | spears, banishment and ioods (to name a few). While a lich
                  | may be dangerous, an {ancient lich} is much more so.
 56087 | Crypt:3  | 3
 56087 | Crypt:3  | Upgraded the game from 0.28-a0-1143-gcf6077d4cc to
                  | 0.28-a0-1159-g27aa881441
 56360 | Depths:1 | Entered Level 1 of the Depths
 56590 | Depths:1 | You are sucked into a shaft and drop 1 floor!
 56710 | Depths:2 | HP: 77/167 [deep troll (11)]
 56713 | Depths:2 | HP: 37/167 [ettin (8)]
 56714 | Depths:2 | Upgraded the game from 0.28-a0-1159-g27aa881441 to
                  | 0.29-a0-870-g2c972031a6
 56718 | Depths:2 | HP: 25/167 [ettin/+0 dire flail (9)]
 56719 | Depths:2 | HP: 9/167 [ettin/+0 dire flail (17)]
 56735 | Depths:1 | Noticed a dread lich
 56738 | Depths:1 | HP: 6/167 [spriggan berserker/+0 hand axe (17)]
 56752 | Depths:1 | HP: 28/167 [redback (3)]
 56762 | Depths:1 | HP: 34/167 [redback (2)]
 56784 | Depths:1 | HP: 51/167 [ice dragon/blast of cold (3)]
 56901 | Depths:1 | Found a magical portal.
 56910 | WizLab   | Entered Zonguldrok's Shrine
 56911 | WizLab   | Upgraded the game from 0.29-a0-870-g2c972031a6 to
                  | 0.30-a0-585-g93115170b9
 57181 | WizLab   | Reached skill level 23 in Maces & Flails
 57311 | WizLab   | Noticed an antique lich
 57323 | WizLab   | Killed an antique lich
 57326 | WizLab   | Found the +9 sword of Zonguldrok {reap}
 57911 | Depths:1 | Found Fynaur's Assorted Antiques.
 58205 | Depths:1 | Reached skill level 24 in Maces & Flails
 58354 | Depths:1 | Got the Catalogue of Flamy Curses
 58530 | Depths:1 | Killed a dread lich
 58680 | Depths:2 | Reached XP level 24. HP: 145/173 MP: 20/24
 58680 | Depths:2 | Upgraded the game from 0.30-a0-585-g93115170b9 to
                  | 0.30-a0-737-gf23d94013f
 59027 | Depths:2 | Paralysed by a floating eye for 2 turns
 59252 | Depths:2 | Paralysed by a floating eye for 3 turns
 59292 | Depths:2 | Paralysed by a floating eye for 2 turns
 59443 | Depths:1 | Reached skill level 16 in Shields
 59657 | Depths:2 | Noticed a caustic shrike
 59668 | Depths:2 | Killed a caustic shrike
 59767 | Depths:2 | Found a one-way gate leading to the halls of Pandemonium.
 59833 | Depths:2 | Reached skill level 21 in Armour
 60071 | Depths:2 | Noticed Sojobo
 60114 | Depths:2 | Killed Sojobo
 60135 | Depths:2 | Identified the +7 glaive "Goirch" {heavy, Dex+6}
 60141 | Depths:2 | Reached skill level 17 in Shields
 60601 | Depths:2 | Paralysed by a floating eye for 2 turns
 61010 | Depths:3 | Noticed a caustic shrike
 61034 | Depths:2 | Killed a caustic shrike
 61038 | Depths:2 | HP: 80/173 [fire giant/+2 great sword of flaming (14)]
 61044 | Depths:2 | HP: 47/173 [iron troll (8)]
 61223 | Depths:3 | Paralysed by a floating eye for 3 turns
 61234 | Depths:2 | HP: 86/173 [tengu warrior/+1 battleaxe (3)]
 61239 | Depths:2 | HP: 73/173 [tengu warrior/+1 battleaxe (16)]
 61247 | Depths:2 | HP: 110/259 [deep troll (10)]
 61430 | Depths:2 | HP: 75/173 [deep troll (22)]
 61432 | Depths:2 | HP: 23/173 [deep troll (26)]
 61619 | Depths:3 | Reached skill level 22 in Armour
 61730 | Depths:3 | Found a one-way gate to the infinite horrors of the Abyss.
 61799 | Depths:3 | Reached skill level 18 in Shields
 61803 | Depths:3 | Acquired the +3 tower shield of Honour {Slay+3}
 61832 | Depths:3 | Reached XP level 25. HP: 178/178 MP: 24/24
 62301 | Depths:4 | Entered Level 4 of the Depths
 62632 | Depths:4 | Learned a level 1 spell: Apportation
 62635 | Depths:4 | Learned a level 2 spell: Blink
 62638 | Depths:4 | Learned a level 2 spell: Lesser Beckoning
 62700 | Depths:4 | Reached skill level 1 in Translocations
 62708 | Depths:4 | Reached skill level 2 in Spellcasting
 62829 | Depths:4 | Found a gate to the Realm of Zot.
 62900 | Depths:4 | Reached skill level 2 in Translocations
 62966 | Depths:4 | Found a one-way gateway to a ziggurat.
 63144 | Depths:4 | Found Xifoib's Jewellery Shop.
 63147 | Depths:4 | Found Abrutto's Assorted Antiques.
 63167 | Depths:4 | Found Bixueth's Antique Armour Shop.
 63168 | Depths:4 | Found Wocvuf's Assorted Antiques.
 63174 | Depths:4 | Bought a scroll of blinking for 210 gold pieces
 63174 | Depths:4 | Bought a potion of haste for 280 gold pieces
 63178 | Depths:4 | Bought a pair of embroidered boots for 337 gold pieces
 63183 | Depths:4 | Bought a scroll of acquirement for 2184 gold pieces
 63183 | Depths:4 | Bought a scroll of teleportation for 126 gold pieces
 63183 | Depths:4 | Bought a scroll of enchant weapon for 315 gold pieces
 63183 | Depths:4 | Acquired a +2 heavy eveningstar
 63222 | Depths:4 | Reached skill level 3 in Spellcasting
 63696 | Vaults:5 | Entered Level 5 of the Vaults
 63701 | Vaults:5 | Reached skill level 3 in Translocations
 63704 | Vaults:5 | Reached skill level 4 in Spellcasting
 63704 | Vaults:5 | Noticed an ancient lich
 63705 | Vaults:5 | Reached skill level 4 in Translocations
 63756 | Vaults:5 | HP: 130/267 [deep troll[an ironbound preserver] (9)]
 63827 | Vaults:5 | Reached skill level 5 in Spellcasting
 63833 | Vaults:5 | Noticed Saint Roka
 63840 | Vaults:5 | Reached skill level 5 in Translocations
 63868 | Vaults:5 | Killed Saint Roka
 63913 | Vaults:5 | Reached skill level 6 in Spellcasting
 63916 | Vaults:5 | Noticed Xtahua
 63934 | Vaults:5 | Killed Xtahua
 63935 | Vaults:5 | Reached skill level 6 in Translocations
 63989 | Vaults:5 | Reached skill level 7 in Spellcasting
 64001 | Vaults:5 | HP: 88/178 [tengu reaver/bolt of lightning (9)]
 64004 | Vaults:5 | Reached skill level 7 in Translocations
 64006 | Vaults:5 | HP: 45/178 [tengu reaver/bolt of lightning (12)]
 64014 | Vaults:5 | HP: 42/178 [sphinx (10)]
 64204 | Vaults:5 | Killed an ancient lich
 64208 | Vaults:5 | HP: 89/178 [deep elf high priest/divine providence (10)]
 64208 | Vaults:5 | Identified the +5 spear "Dyidghad" {elec, rN+++ Will+ Str-5
                  | Int-2}
 64214 | Vaults:5 | HP: 84/178 [smoke demon/divine providence[a deep elf
                  | demonologist] (10)]
 64311 | Vaults:5 | HP: 76/178 [disintegration (75)]
 64316 | Vaults:4 | HP: 56/178 [lich (6)]
 64321 | Vaults:4 | HP: 21/178 [lich/bolt of cold (12)]
 64323 | Vaults:4 | HP: 10/178 [quicksilver dragon (11)]
 64323 | Vaults:4 | Slain by a quicksilver dragon

Vanquished Creatures
  A dread lich (Depths:1)
  4 ancient liches
  Mara (Spider:4)
  Sojobo (Depths:2)
  Bai Suzhen (Swamp:3)
  Xtahua (Vaults:5)
  2 caustic shrikes (Depths:2)
  Saint Roka (Vaults:5)
  4 golden dragons
  3 bone dragons
  Arachne (Spider:3)
  Jory (Crypt:3)
  2 hellephants (Depths:1)
  Rupert (Lair:5)
  A shard shrike skeleton (Crypt:3)
  A tentacled monstrosity (Depths:4)
  Asterion (Spider:1)
  Mlioglotl (Swamp:3)
  9 liches
  Jorgrun (D:13)
  A walking earthen tome (Depths:1)
  A walking frostbound tome (Depths:3)
  3 titans
  4 deep elf master archers (Elf:3)
  Frances (Spider:2)
  4 ancient champions
  6 deep elf blademasters
  8 sphinxes
  The ghost of sanka the Severer, an adept PaAK of Lugonu (Spider:3)
  A shadow dragon (Vaults:5)
  9 tengu reavers
  Kirke (Spider:3)
  A fenstrider witch (Swamp:3)
  2 storm dragons (Depths:2)
  11 fire giants
  Aizul (Vaults:1)
  A draconian knight (Depths:4)
  7 deep elf sorcerers
  4 orc warlords
  3 ghost moths
  17 vault wardens
  2 curse skulls
  3 frost giants
  5 ghouls
  A draconian shifter (Depths:4)
  3 deep elf elementalists
  3 emperor scorpions
  A spriggan defender (Depths:3)
  28 very ugly things
  20 ironbound preservers
  6 war gargoyles
  7 vampire knights
  2 green draconians (Depths:4)
  12 stone giants
  3 deep elf demonologists
  A caustic shrike skeleton (Crypt:3)
  2 eleionomae
  3 yellow draconians (Depths:4)
  8 deep elf annihilators
  A spark wasp (shapeshifter) (D:13)
  3 entropy weavers
  11 dire elephants
  2 red draconians (Depths:4)
  4 bunyips
  A minotaur (Gauntlet)
  12 spark wasps
  5 deep elf death magi
  3 eidola
  The ghost of septik the Severer, a journeyman MiBe of Trog (D:12)
  9 ettins
  2 shambling mangroves (Swamp:4)
  3 jiangshi (Crypt:1)
  A merfolk impaler (Depths:2)
  13 yaktaur captains
  Josephine (Orc:2)
  4 deep elf high priests
  A spriggan zombie (Crypt:2)
  8 great orbs of eyes
  Fannar (D:10)
  6 fire dragons
  32 vault guards
  10 rakshasas
  10 ice dragons
  5 boulder beetles
  9 ironbound thunderhulks
  A hell beast (Lair:6)
  3 peacekeepers
  Erolcha (D:11)
  Harold (D:8)
  A fenstrider witch skeleton (Crypt:2)
  2 ogre magi (D:14)
  15 hydras
  7 ghost crabs
  3 catoblepae
  A quicksilver dragon skeleton (Crypt:3)
  20 centaur warriors
  3 two-headed ogres
  Erica (Orc:1)
  A spriggan skeleton (Crypt:3)
  The ghost of Roaleyf the Cruncher, a journeyman DsDe of Qazlal (Lair:1)
  5 death knights
  5 spriggan air magi
  9 alligators
  7 deep troll earth magi
  8 ironbound frosthearts
  8 tengu warriors
  14 death yaks
  6 orc high priests
  A storm dragon zombie (Depths:1)
  5 vampire magi
  A death yak (shapeshifter) (Vaults:5)
  10 hell hogs (Depths:1)
  23 dancing weapons
  9 spriggan berserkers
  14 deep troll shamans
  10 hell knights
  20 deep elf knights
  9 iron trolls
  2 soul eaters (Crypt:1)
  42 skeletal warriors
  A titan skeleton (Crypt:3)
  7 goliath frogs
  4 swamp dragons
  A deep troll (shapeshifter) (Vaults:5)
  14 deep elf archers
  A ghost moth zombie (Crypt:2)
  60 deep trolls
  7 bog bodies
  A spriggan druid (Swamp:2)
  11 wizards
  A flayed ghost (Crypt:2)
  4 spectral hydras (Swamp:4)
  A spriggan simulacrum (Crypt:2)
  19 ironbound convokers
  3 harpies (Vaults:1)
  15 orc knights
  6 necromancers
  30 wolf spiders
  A lindwurm (shapeshifter) (Depths:1)
  11 phantasmal warriors
  A wolf spider zombie (D:15)
  2 oklob plants
  35 deep elf zephyrmancers
  12 orb spiders
  53 ugly things
  4 orc sorcerers
  An orb spider (shapeshifter) (D:13)
  A shadow dragon skeleton (Depths:1)
  51 deep elf pyromancers
  A salamander (Depths:3)
  A moth of wrath (Spider:4)
  7 cyclopes
  4 manticores
  11 slime creatures
  7 will-o-the-wisps
  2 human skeletons
  4 black mambas
  3 smoke demons
  24 vault sentinels
  A molten gargoyle (Gauntlet)
  A guardian serpent (shapeshifter) (Depths:2)
  10 cane toads
  3 torpor snails
  8 gargoyles
  4 minotaur zombies
  5 orange demons (Lair:6)
  5 rime drakes
  A red draconian zombie (Crypt:2)
  16 komodo dragons
  15 demonic crawlers
  2 elf skeletons (Vaults:3)
  A rime drake (shapeshifter) (D:15)
  Psyche (D:8)
  21 yaktaurs
  4 swamp worm zombies (Swamp:4)
  2 tengu conjurers
  2 efreet
  A dire elephant skeleton (Crypt:3)
  5 kobold demonologists (D:12)
  6 freezing wraiths
  A yaktaur zombie (Vaults:4)
  A yaktaur skeleton (Vaults:3)
  A yaktaur (shapeshifter) (D:15)
  3 trolls
  A hydra zombie (Swamp:4)
  6 red devils
  2 queen bees
  10 tyrant leeches
  3 meliai (Lair:4)
  4 polar bears
  A bloated husk (Swamp:2)
  2 guardian mummies (Crypt:3)
  32 jumping spiders
  A wolf spider simulacrum (D:15)
  A meliai (shapeshifter) (D:13)
  18 hornets
  23 blink frogs
  7 dream sheep (Lair:6)
  2 harpy skeletons (Crypt:3)
  A slime creature (shapeshifter) (Vaults:4)
  A hydra skeleton (Crypt:1)
  2 dream sheep (shapeshifter)
  5 alligator zombies (Swamp:4)
  A spectral swamp dragon (Swamp:4)
  5 vampires
  Sigmund (D:2)
  A merfolk skeleton (Crypt:3)
  6 air elementals
  A flying skull (Vaults:3)
  A stone giant simulacrum (Depths:1)
  A guardian serpent skeleton (Crypt:1)
  9 yaks (Lair:5)
  47 tarantellas
  A centaur simulacrum (D:15)
  10 spriggans
  54 redbacks
  8 water elementals
  7 wyverns
  3 shadows
  An ushabti (Crypt:3)
  17 wraiths
  A human (shapeshifter) (D:15)
  An elf zombie (Vaults:3)
  3 steam dragons
  An ettin skeleton (Crypt:3)
  2 fire elementals
  3 hogs (Spider:3)
  3 humans
  11 vampire mosquitoes
  A faun zombie (Crypt:1)
  14 swamp worms
  12 wargs
  4 two-headed ogre zombies (WizLab)
  Edmund (D:4)
  2 human zombies (Vaults:4)
  A swamp worm (shapeshifter) (Depths:2)
  4 hell hounds (Lair:6)
  24 water moccasins
  2 ice beasts
  A floating eye (Depths:2)
  A swamp drake (Swamp:2)
  2 naga skeletons (Crypt:3)
  6 swamp dragon zombies (Swamp:4)
  A sky beast (D:7)
  19 orc warriors
  A black bear (D:7)
  4 necrophages
  A swamp drake (shapeshifter) (D:14)
  13 ogres
  37 wolves
  19 centaurs
  7 phantoms
  10 kobold brigands
  A wyvern zombie (D:8)
  9 bullfrogs
  3 scorpions
  An ogre simulacrum (Vaults:3)
  An earth elemental (Elf:2)
  A cyclops skeleton (Crypt:2)
  A water moccasin skeleton (D:5)
  A hornet simulacrum (D:15)
  8 troll zombies
  26 killer bees
  14 wights
  4 howler monkeys
  A polar bear skeleton (Crypt:2)
  A raiju skeleton (Crypt:1)
  3 electric eels
  50 orc priests
  4 centaur zombies
  Crazy Yiuf (D:2)
  5 centaur skeletons
  A bullfrog zombie (D:6)
  A gnoll bouda (D:8)
  A hound (D:6)
  Jessica (D:2)
  2 iguanas
  Ijyb (D:4)
  29 orc wizards
  A black bear skeleton (Crypt:1)
  A killer bee zombie (D:9)
  A tengu simulacrum (Depths:1)
  7 ogre zombies (WizLab)
  A deep dwarf skeleton (Crypt:2)
  A hound zombie (D:5)
  8 mummies (Crypt:3)
  Robin (D:4)
  3 howler monkey zombies
  3 gnolls (D:8)
  A howler monkey skeleton (Crypt:1)
  3 swamp drake zombies (Swamp:4)
  9 adders
  2 river rats (Sewer)
  A shadow imp (D:5)
  4 white imps
  An ufetubus (D:5)
  2 worms
  A dart slug (D:1)
  99 orcs
  10 endoplasms
  4 giant cockroaches
  8 goblins
  10 hobgoblins
  4 jackals (D:5)
  2 quokkas
  12 ball pythons
  3 bats
  A frilled lizard (D:1)
  A gnoll skeleton (Crypt:2)
  A jackal skeleton (Crypt:1)
  22 kobolds
  10 rats
  A rat skeleton (Crypt:1)
2122 creatures vanquished.

Vanquished Creatures (others)
  A shadow wraith (Vaults:5)
  2 wizards
  A deep elf pyromancer (Elf:3)
  A smoke demon (Crypt:3)
  A demonic crawler (Spider:4)
  4 bloated husks
  A redback (Spider:2)
  2 humans (Spider:3)
  A yak (Lair:5)
  A phantom (Swamp:4)
  An orc (Vaults:5)
  28 foxfires
  30 fungi
  81 plants
  43 withered plants
198 creatures vanquished.

Grand Total: 2320 creatures vanquished

Table legend: (Time is in decaauts)
 A = Elapsed time spent in this place.
 B = Non-inter-level travel time spent in this place.
 C = Inter-level travel time spent in this place.
 D = Time resting spent in this place.
 E = Time spent auto-exploring this place.
 F = Levels seen in this place.
 G = Mean time per level.
                   A        B        C        D        E       F      G
               +--------+--------+--------+--------+--------+-----+--------+
         Total |  61740 |  56255 |   5485 |   8602 |  35815 |  50 | 1234.8 |
       Dungeon |  16114 |  14075 |   2039 |   2267 |   9508 |  15 | 1074.3 |
          Lair |   7036 |   6144 |    892 |    397 |   4441 |   6 | 1172.7 |
         Swamp |   3091 |   2921 |    170 |    528 |   1718 |   4 |  772.8 |
   Spider Nest |   5872 |   5368 |    504 |    951 |   3355 |   4 | 1468.0 |
  Orcish Mines |   2053 |   1903 |    150 |    276 |   1142 |   2 | 1026.5 |
   Elven Halls |   3707 |   3482 |    225 |    678 |   1828 |   3 | 1235.7 |
        Vaults |   8735 |   7759 |    976 |   1445 |   4704 |   5 | 1747.0 |
         Crypt |   6640 |   6501 |    139 |    770 |   4766 |   3 | 2213.3 |
        Depths |   6208 |   5822 |    386 |   1151 |   3045 |   4 | 1552.0 |
        Bazaar |    103 |    103 |      0 |      0 |     46 |   1 |  103.0 |
         Sewer |    894 |    894 |      0 |     31 |    587 |   1 |  894.0 |
        Wizlab |    512 |    512 |      0 |      0 |    275 |   1 |  512.0 |
      Gauntlet |    768 |    768 |      0 |    103 |    397 |   1 |  768.0 |
               +--------+--------+--------+--------+--------+-----+--------+

Top non-repeatable levels by time:
 Crypt:3: 3249 daAuts
Vaults:4: 2722 daAuts
Vaults:3: 2554 daAuts
Depths:1: 2246 daAuts
Depths:2: 2156 daAuts
Spider:3: 2057 daAuts
Spider:4: 1831 daAuts
 Crypt:1: 1750 daAuts
Vaults:2: 1692 daAuts
 Crypt:2: 1641 daAuts
Vaults:1: 1554 daAuts
     D:6: 1528 daAuts
  Lair:6: 1511 daAuts
     D:2: 1479 daAuts
     D:8: 1337 daAuts
